[Event "ARM-ch Rapid 2019"]
[Site "Yerevan"]
[Date "2019.01.23"]
[Round "6.1"]
[White "Hovhannisyan, Robert"]
[Black "Andriasian, Zaven"]
[Result "0-1"]
[WhiteElo "2637"]
[BlackElo "2604"]
[Annotator "RC"]
[PlyCount "108"]
[EventDate "2019.01.22"]
[EventType "tourn"]
[EventCountry "ARM"]
[TimeControl "40/5400+30:1800+30"]
[WhiteClock "0:01:57"]
[BlackClock "0:00:21"]

1. e4 c5 2. Nf3 d6 3. d4 cxd4 4. Nxd4 Nf6 5. Nc3 a6 6. Be2 e5 7. Nf3 h6 8. Nd2 Be7 9. Nc4 b5 10. Ne3 Bb7 11. Ncd5 Nxd5 12. Nxd5 Nd7 13. a4 bxa4 14. O-O O-O 15. Be3 Bg5 16. Bxg5 hxg5 17. Rxa4 Bxd5 18. exd5 Nc5 19. Ra3 a5 20. Bb5 g6 21. Qd2 Kg7 22. Rfa1 g4 23. Rxa5 Rxa5 24. Qxa5 Qh4 25. g3 Qh6 26. Qb6 Rh8 27. h4 g5 28. Ra7 gxh4 29. Qc7 Qf6 30. Qe7 Qxe7 31. Rxe7 h3 32. Kh2 Rb8 33. c4 Ra8 34. Rc7 Ne4 35. Bd7 Nxf2 36. Be6 Rf8 37. b4 e4 38. c5 e3 39. Re7 Kf6 40. cxd6 fxe6 41. Rxe6+ Kf5 42. Rxe3 Ne4 43. Re1 Rd8 44. Rf1+ Ke5 45. Rf4 Nf6 46. b5 Rxd6 47. Rb4 Rb6 48. Rb1 Kxd5 49. Rd1+ Ke5 50. Rb1 Ne4 51. Rb4 Rf6 52. Kg1 Rf3 53. Rb2 Rxg3+ 54. Kh1 Rg2 0-1

[Event "ARM-ch Rapid 2019"]
[Site "Yerevan"]
[Date "2019.01.23"]
[Round "6.2"]
[White "Martirosyan, Haik M."]
[Black "Chibukhchian, Artur"]
[Result "1-0"]
[WhiteElo "2607"]
[BlackElo "2384"]
[Annotator "RC"]
[PlyCount "40"]
[EventDate "2019.01.22"]
[EventType "tourn"]
[EventCountry "ARM"]
[TimeControl "40/5400+30:1800+30"]
[WhiteClock "0:00:44"]
[BlackClock "0:10:02"]

1. e4 c5 2. Nf3 Nc6 3. Bb5 e6 4. O-O Nge7 5. Re1 a6 6. Bf1 d5 7. exd5 Nxd5 8. d4 Nf6 9. Be3 b6 10. dxc5 Bxc5 11. Qxd8+ Kxd8 12. Bxc5 bxc5 13. Nbd2 Ke7 14. Nb3 Nd7 15. Rad1 Bb7 16. Ng5 Rac8 17. Nxf7 Rhf8 18. Bc4 Rxf7 19. Bxe6 Nde5 20. Bxf7 Kxf7 1-0

[Event "ARM-ch Rapid 2019"]
[Site "Yerevan"]
[Date "2019.01.23"]
[Round "6.9"]
[White "Hayrapetyan, Arman Ash."]
[Black "Vardanyan, Haik A."]
[Result "1-0"]
[WhiteElo "2375"]
[BlackElo "1953"]
[PlyCount "101"]
[EventDate "2019.01.22"]
[EventType "tourn"]
[EventCountry "ARM"]
[TimeControl "40/5400+30:1800+30"]
[WhiteClock "0:00:41"]
[BlackClock "0:01:26"]

1. e4 e6 2. d4 d5 3. exd5 exd5 4. c4 c6 5. Nc3 Nf6 6. Bd3 Be7 7. Nf3 O-O 8. h3 dxc4 9. Bxc4 Bf5 10. O-O Nbd7 11. Re1 Nb6 12. Bb3 Nbd5 13. Ne5 Re8 14. Bg5 h6 15. Bh4 Be6 16. Qd2 Qc8 17. Rad1 Nxc3 18. bxc3 Bxb3 19. axb3 Qf5 20. g4 Qh7 21. Bxf6 Bxf6 22. f4 Rad8 23. Kg2 g5 24. Nd7 Qg7 25. Rxe8+ Rxe8 26. f5 Re7 27. Nxf6+ Qxf6 28. Re1 Qd6 29. Rxe7 Qxe7 30. Kf3 Qd6 31. c4 b5 32. Ke4 bxc4 33. bxc4 Qe7+ 34. Kd3 Qa3+ 35. Qc3 Qd6 36. Kc2 Kf8 37. Kb3 Ke8 38. Qe3+ Kd7 39. Qe5 f6 40. Qxd6+ Kxd6 41. Ka4 Kc7 42. Ka5 Kb7 43. d5 cxd5 44. cxd5 Kc7 45. Ka6 Kd6 46. Kxa7 Kxd5 47. Kb7 Ke5 48. Kc6 Kf4 49. Kd6 h5 50. gxh5 Kxf5 51. Kd5 1-0

[Event "ARM-ch Rapid 2019"]
[Site "Yerevan"]
[Date "2019.01.23"]
[Round "6.10"]
[White "Babujian, Levon"]
[Black "Vardanian, Haik V."]
[Result "1-0"]
[WhiteElo "2488"]
[BlackElo "2234"]
[PlyCount "99"]
[EventDate "2019.01.22"]
[EventType "tourn"]
[EventCountry "ARM"]
[TimeControl "40/5400+30:1800+30"]
[WhiteClock "0:00:12"]
[BlackClock "0:09:48"]

1. d4 Nf6 2. Bg5 d5 3. Bxf6 exf6 4. e3 Bd6 5. c4 dxc4 6. Bxc4 f5 7. Nc3 O-O 8. Nf3 Nd7 9. O-O Nf6 10. Rc1 h6 11. Nb5 c6 12. Nxd6 Qxd6 13. Ne5 Be6 14. Qb3 Rab8 15. Rfd1 Nd5 16. a3 Nb6 17. Bxe6 fxe6 18. Qc3 Nd7 19. Nc4 Qd5 20. f3 Nf6 21. Ne5 Rfd8 22. b4 Nd7 23. Ng6 Kf7 24. Nf4 Qd6 25. Qb3 a6 26. a4 g5 27. Nd3 Qd5 28. Qb2 Nb6 29. Nc5 Nc4 30. Qe2 Nb6 31. b5 axb5 32. axb5 cxb5 33. Qxb5 Nd7 34. e4 Qc6 35. Qb3 f4 36. Nd3 Qd6 37. Rc4 Rdc8 38. Rb4 b6 39. Nf2 Rc7 40. h4 Rbc8 41. hxg5 hxg5 42. Rb5 Rc3 43. Qb1 Qa3 44. Nd3 Kg6 45. d5 Qa4 46. dxe6 Nc5 47. Nxc5 R8xc5 48. e5+ Kh6 49. Rxb6 Qc2 50. Qxc2 1-0

[Event "ARM-ch Rapid 2019"]
[Site "Yerevan"]
[Date "2019.01.23"]
[Round "7.6"]
[White "Alaverdyan, Gevorg"]
[Black "Yegiazarian, Arsen"]
[Result "1/2-1/2"]
[WhiteElo "2261"]
[BlackElo "2399"]
[PlyCount "101"]
[EventDate "2019.01.22"]
[EventType "tourn"]
[EventCountry "ARM"]
[TimeControl "40/5400+30:1800+30"]
[WhiteClock "0:00:50"]
[BlackClock "0:00:22"]

1. Nf3 c5 2. g3 Nc6 3. Bg2 g6 4. c3 Bg7 5. O-O d5 6. d4 cxd4 7. cxd4 e6 8. Nc3 Nge7 9. e3 O-O 10. b3 b6 11. Ba3 Ba6 12. Re1 Qd7 13. Rc1 Rfd8 14. Bf1 Bxf1 15. Rxf1 Rac8 16. Qd3 Qb7 17. Rc2 Nf5 18. Rfc1 e5 19. dxe5 d4 20. Nd5 Rxd5 21. e4 Rdd8 22. exf5 Nxe5 23. Nxe5 Bxe5 24. Re2 Rxc1+ 25. Bxc1 Bf6 26. g4 Qd5 27. g5 Bg7 28. f6 Bf8 29. Bf4 h6 30. h4 Rc8 31. Bd2 Qd7 32. Qe4 Rd8 33. Kg2 Qb5 34. h5 d3 35. Re1 Kh7 36. hxg6+ fxg6 37. a4 Qxb3 38. Qb7+ Kg8 39. gxh6 Qf7 40. Qxf7+ Kxf7 41. h7 Bc5 42. Rh1 Rh8 43. Bc3 d2 44. Kf3 g5 45. Ke2 Kg6 46. Bxd2 Rxh7 47. Rxh7 Kxh7 48. Bxg5 Kg6 49. Bh4 a6 50. Kd3 b5 51. Ke4 1/2-1/2

[Event "ARM-ch Rapid 2019"]
[Site "Yerevan"]
[Date "2019.01.23"]
[Round "7.7"]
[White "Chibukhchian, Artur"]
[Black "Gharagyozyan, Artur"]
[Result "1/2-1/2"]
[WhiteElo "2384"]
[BlackElo "2253"]
[PlyCount "145"]
[EventDate "2019.01.22"]
[EventType "tourn"]
[EventCountry "ARM"]
[TimeControl "40/5400+30:1800+30"]
[WhiteClock "0:01:53"]
[BlackClock "0:00:23"]

1. d4 Nf6 2. c4 e6 3. Nf3 Bb4+ 4. Bd2 Be7 5. Nc3 d5 6. Bg5 c6 7. e3 O-O 8. Qc2 Nbd7 9. a3 b6 10. cxd5 cxd5 11. Bd3 Bb7 12. Ne5 h6 13. Bf4 Nxe5 14. Bxe5 Rc8 15. O-O Ne4 16. Bxe4 dxe4 17. Rfc1 Bd6 18. Bxd6 Qxd6 19. Qa4 a6 20. Ne2 Kh7 21. h3 f5 22. Qd1 g5 23. Rxc8 Rxc8 24. Rc1 Rf8 25. Qc2 Rf7 26. Qb1 Kg7 27. b4 f4 28. Qc2 Bd5 29. Qa4 b5 30. Qc2 Bc4 31. Nc3 fxe3 32. fxe3 Qg3 33. Qxe4 Qf2+ 34. Kh2 Qd2 35. Rc2 Qe1 36. Qe5+ Kg8 37. Ne4 Qb1 38. Rf2 Rxf2 39. Nxf2 Qb2 40. Qf6 Qxa3 41. Qg6+ Kf8 42. Qxh6+ Ke8 43. Qg6+ Kd7 44. Qf7+ Kd8 45. Qf8+ Kc7 46. Ng4 Bd5 47. Qe7+ Kc8 48. Qe8+ Kc7 49. Qe7+ Kc8 50. Qxg5 Qxb4 51. Qg8+ Kc7 52. Qg7+ Kc8 53. h4 Qd2 54. Qg8+ Kb7 55. Qf7+ Kb6 56. Qf2 Qc1 57. e4 Bxe4 58. d5+ Kb7 59. dxe6 b4 60. Qf7+ Qc7+ 61. Qxc7+ Kxc7 62. e7 Bg6 63. Ne5 Be8 64. g4 Kd6 65. Nd3 a5 66. h5 Kxe7 67. Kg3 b3 68. Nb2 a4 69. Nc4 Bb5 70. Na3 Bd3 71. Kf4 b2 72. Ke3 b1=Q 73. Nxb1 1/2-1/2

[Event "ARM-ch Rapid 2019"]
[Site "Yerevan"]
[Date "2019.01.23"]
[Round "7.8"]
[White "Manukyan, Sargis V."]
[Black "Hayrapetyan, Arman Ash."]
[Result "0-1"]
[WhiteElo "2282"]
[BlackElo "2375"]
[PlyCount "63"]
[EventDate "2019.01.22"]
[EventType "tourn"]
[EventCountry "ARM"]
[TimeControl "40/5400+30:1800+30"]
[WhiteClock "0:05:02"]
[BlackClock "0:00:20"]

1. Nf3 Nf6 2. c4 c5 3. Nc3 Nc6 4. g3 g6 5. Bg2 d6 6. a3 Bg7 7. Rb1 a5 8. O-O O-O 9. d3 h6 10. Ne1 Qc7 11. Nc2 b6 12. b4 axb4 13. axb4 Bb7 14. Bd2 Kh7 15. Rb3 Rfb8 16. Qb1 Nd8 17. Bxb7 Rxb7 18. bxc5 bxc5 19. Rxb7 Nxb7 20. Ne3 e6 21. Nb5 Qd7 22. Bc3 d5 23. Bxf6 Bxf6 24. cxd5 exd5 25. Qb3 Rd8 26. Ng2 Na5 27. Qa4 Nc6 28. Rc1 Nd4 29. Rxc5 Rb8 30. Nf4 Rxb5 31. Nxd5 Rb1+ 32. Kg2 0-1

[Event "ARM-ch Rapid 2019"]
[Site "Yerevan"]
[Date "2019.01.23"]
[Round "8.8"]
[White "Yegiazarian, Arsen"]
[Black "Gharibyan, Mamikon"]
[Result "0-1"]
[WhiteElo "2399"]
[BlackElo "2318"]
[PlyCount "64"]
[EventDate "2019.01.22"]
[EventType "tourn"]
[EventCountry "ARM"]
[TimeControl "40/5400+30:1800+30"]
[WhiteClock "0:00:11"]
[BlackClock "0:00:20"]

1. d4 Nf6 2. c4 e6 3. Nc3 Bb4 4. e3 O-O 5. Nge2 d5 6. a3 Be7 7. cxd5 exd5 8. b4 c6 9. Ng3 Re8 10. Bd3 Nbd7 11. O-O Nf8 12. f3 a5 13. b5 c5 14. Nce2 cxd4 15. exd4 h5 16. Bd2 Ne6 17. Nf5 Bf8 18. Qe1 Kh8 19. Qg3 Nc5 20. Nh6 gxh6 21. dxc5 Bxc5+ 22. Kh1 Be3 23. Bxe3 Rxe3 24. Rad1 Qg8 25. Qd6 Qg7 26. Nf4 Bd7 27. Nxd5 Re6 28. Qc5 Re5 29. Be4 Rg8 30. Rf2 Be6 31. h3 Nxe4 32. fxe4 Rg5 0-1

[Event "ARM-ch Rapid 2019"]
[Site "Yerevan"]
[Date "2019.01.23"]
[Round "8.9"]
[White "Danielyan, Vahe"]
[Black "Chibukhchian, Artur"]
[Result "1-0"]
[WhiteElo "2186"]
[BlackElo "2384"]
[PlyCount "88"]
[EventDate "2019.01.22"]
[EventType "tourn"]
[EventCountry "ARM"]
[TimeControl "40/5400+30:1800+30"]
[WhiteClock "0:00:12"]
[BlackClock "0:01:05"]

1. e4 c5 2. Nc3 a6 3. g3 b5 4. Bg2 Bb7 5. Nge2 e6 6. d4 cxd4 7. Nxd4 Qc7 8. O-O Nc6 9. Re1 Nxd4 10. Qxd4 f6 11. Be3 Ne7 12. a4 Nc6 13. Qd2 b4 14. Ne2 Be7 15. Red1 Rd8 16. c3 Na5 17. Qd3 Nc4 18. cxb4 Nxe3 19. Qxe3 Bxb4 20. Rac1 Qa5 21. Rc4 Be7 22. Qa7 Ba8 23. Rc7 Qxa4 24. Nc3 Qb4 25. Rdxd7 Rxd7 26. Rxd7 Kf7 27. e5 Bxg2 28. exf6 gxf6 29. Kxg2 Re8 30. Qxa6 Qxb2 31. Ne4 Rd8 32. Nd6+ Kf8 33. Rxd8+ Bxd8 34. Qc6 Bb6 35. Qe8+ Kg7 36. Qf7+ Kh6 37. Qf8+ Kh5 38. Ne4 Kg6 39. Qg8+ Kf5 40. Qxh7+ Ke5 41. Qh4 Bd4 42. Qf4+ Kd5 43. Qf3 f5 44. Ng5+ Ke5 1-0

[Event "ARM-ch Rapid 2019"]
[Site "Yerevan"]
[Date "2019.01.23"]
[Round "8.10"]
[White "Gharagyozyan, Artur"]
[Black "Nadanian, Ashot"]
[Result "0-1"]
[WhiteElo "2253"]
[BlackElo "2317"]
[PlyCount "60"]
[EventDate "2019.01.22"]
[EventType "tourn"]
[EventCountry "ARM"]
[TimeControl "40/5400+30:1800+30"]
[WhiteClock "0:02:26"]
[BlackClock "0:04:45"]

1. e4 d5 2. exd5 Qxd5 3. Nc3 Qd6 4. d4 Nf6 5. Bc4 c6 6. Nf3 Bg4 7. Be3 e6 8. h3 Bxf3 9. Qxf3 Be7 10. g4 Nd5 11. Bd2 O-O 12. Ne4 Qc7 13. O-O-O Nd7 14. g5 a5 15. Rdg1 Rfc8 16. h4 c5 17. Bxd5 cxd4 18. Bb3 Ne5 19. Qh5 a4 20. Nf6+ Bxf6 21. gxf6 axb3 22. Rxg7+ Kf8 23. Bb4+ Ke8 24. c3 bxa2 25. Kd2 dxc3+ 26. bxc3 Qd7+ 27. Ke3 Qd3+ 28. Kf4 Rc4+ 29. Kg5 Qd2+ 30. f4 Qxf4# 0-1

[Event "ARM-ch Rapid 2019"]
[Site "Yerevan"]
[Date "2019.01.23"]
[Round "9.9"]
[White "Nadanian, Ashot"]
[Black "Sargsyan, Anna M."]
[Result "1-0"]
[WhiteElo "2317"]
[BlackElo "2339"]
[PlyCount "124"]
[EventDate "2019.01.22"]
[EventType "tourn"]
[EventCountry "ARM"]
[TimeControl "40/5400+30:1800+30"]
[WhiteClock "0:00:19"]
[BlackClock "0:00:43"]

1. e4 c6 2. d4 d5 3. Nd2 dxe4 4. Nxe4 Bf5 5. Bd3 e6 6. Nf3 Nd7 7. O-O Bg6 8. Bf4 Bxe4 9. Bxe4 Ngf6 10. Bd3 Be7 11. c3 O-O 12. Qe2 c5 13. dxc5 Nxc5 14. Bc2 Qb6 15. Ne5 Rad8 16. Rfe1 Nd5 17. Bg3 g6 18. Nc4 Qa6 19. a4 Bf6 20. a5 Qb5 21. h4 h5 22. Qf1 Qd7 23. Ne5 Qe7 24. Qc4 Rc8 25. Nf3 Kg7 26. Rad1 Rfd8 27. Qe2 Kg8 28. Qf1 Qf8 29. Ne5 Qe7 30. Nf3 Qf8 31. Bb1 a6 32. Ba2 Ne7 33. Bd6 Rc6 34. Be5 Bxe5 35. Nxe5 Rcc8 36. g3 Nc6 37. Nf3 Na4 38. Qe2 Qe7 39. Ng5 Rxd1 40. Rxd1 Rd8 41. Rxd8+ Nxd8 42. Bb3 Nc5 43. Bc2 Nc6 44. Qe3 Nd7 45. b4 Nf6 46. Bb3 Kg7 47. Qf4 Qd7 48. Qe3 Ne7 49. Nf3 Ned5 50. Qe5 Qc6 51. Nd4 Qc7 52. Qxc7 Nxc7 53. f3 Nfd5 54. Ne2 Kf6 55. Kf2 Ke5 56. f4+ Kd6 57. Kf3 Nf6 58. c4 e5 59. c5+ Ke7 60. fxe5 Nd7 61. Ke4 Nb8 62. Nd4 f5+ 1-0